 Dungeon Crawl Stone Soup version 0.31-a0-232-gb1c03b2570 (webtiles) character file.

Game seed: 7764327673954713912

179 qw the Shooter (level 5, -10/45 HPs)
             Began as a Minotaur Hexslinger on July 7, 2023.
             Mangled by Edmund
             ... wielding a +1 heavy dire flail
              (25 damage)
             ... on level 4 of the Dungeon.
             The game lasted 00:00:53 (2499 turns).

qw the Shooter (Minotaur Hexslinger)                Turns: 2499, Time: 00:00:54

Health: -10/45     AC:  5    Str: 13    XL:     5   Next: 32%
Magic:  5/5        EV: 11    Int: 10    God:
Gold:   157        SH:  0    Dex: 14    Spells: 5/6 levels left

rFire   . . .        Y - +1 sling (freeze)
rCold   . . .        (no shield)
rNeg    . . .        e - +0 ring mail
rPois   .            (helmet restricted)
rElec   .            (no cloak)
rCorr   .            (no gloves)
SInv    .            (no boots)
Will    .....        (no amulet)
Stlth   +            (no ring)
HPRegen 0.27/turn    (no ring)
MPRegen 0.09/turn

%: no passive effects
@: no status effects
A: horns 2, retaliatory headbutt
a: no special abilities


You were on level 4 of the Dungeon.
You visited 1 branch of the dungeon, and saw 4 of its levels.

You collected 157 gold pieces.


Innate Abilities, Weirdness & Mutations

You have a pair of horns on your head.
You reflexively headbutt those who attack you in melee.


   Skills:
 - Level 3.0 Fighting
 + Level 5.3 Ranged Weapons
 - Level 1.4 Armour
 - Level 2.1 Dodging
 - Level 1.0 Spellcasting
 - Level 2.0 Hexes


You had 5 spell levels left.
You knew the following spells:

 Your Spells              Type           Power      Damage    Failure   Level
a - Slow                  Hex            16%        N/A       32%         1

Your spell library contained the following spells:

 Spells                   Type           Power      Damage    Failure   Level
 Inner Flame              Hex/Fire       2%         N/A       82%         3
 Portal Projectile        Hex/Tloc       4%         N/A       82%         3
 Cause Fear               Hex            2%         N/A       97%         4

Inventory:

Hand Weapons
 Y - a +1 sling of freezing (weapon)
Armour
 e - a +0 ring mail (worn)
Scrolls
 a - a scroll of identify
 b - 3 scrolls of teleportation
Potions
 f - a potion of curing
 g - a potion of enlightenment
 h - a potion of mutation {unknown}
 j - a potion of resistance {unknown}

Dungeon Overview and Level Annotations

Branches:
Dungeon (4/15)
 Temple: D:4-7

Altars:
Yredelemnul

Annotations:
D:3 3 runed translucent doors, qw's ghost, amateur GrHs
D:4 Edmund


Message History

The ufetubus completely misses you. You furiously retaliate!
You headbutt the ufetubus!
You kill the ufetubus!
HP restored.
Your Fighting skill increases to level 3!
There is a stone staircase leading up here.
Edmund the Younger comes into view.
He is wielding a +1 heavy dire flail.
You shoot a sling bullet. The sling bullet closely misses Edmund.
Edmund shouts!
A hobgoblin comes into view.
You shoot a sling bullet. The hobgoblin shouts!
The sling bullet hits Edmund.
The sling bullet freezes Edmund.
Edmund is lightly wounded.
You shoot a sling bullet. The sling bullet closely misses Edmund.
You shoot a sling bullet.
The sling bullet hits Edmund but does no damage.
Edmund is lightly wounded.
You shoot a sling bullet. The sling bullet closely misses Edmund.
Edmund hits you with a +1 heavy dire flail!
You shoot a sling bullet. The sling bullet closely misses Edmund.
The sling bullet barely misses the hobgoblin.
Edmund hits you with a +1 heavy dire flail!
You shoot a sling bullet. The sling bullet closely misses Edmund.
The sling bullet hits the hobgoblin.
The sling bullet freezes the hobgoblin.
You kill the hobgoblin!
You shoot a sling bullet. The sling bullet hits Edmund.
The sling bullet freezes Edmund.
Edmund is moderately wounded.
Edmund barely misses you.
You shoot a sling bullet. The sling bullet hits Edmund.
The sling bullet freezes Edmund.
Edmund is moderately wounded.
Edmund closely misses you.
You shoot a sling bullet. The sling bullet hits Edmund.
The sling bullet freezes Edmund.
Edmund is heavily wounded.
Edmund hits you with a +1 heavy dire flail!!
Ouch! That really hurt!
You die...

.# ##### ... .....
.#.###### ......
........#########......
............<........).
......)...#####.#......
..........# #.# .....
.......@..# #%.# ....
......@........## ...
.....$....>.... ##
....$......####
.............
.##.......####
......... .........##


You could see Edmund.

Vanquished Creatures
  A hound (D:4)
  A scorpion zombie (D:3)
  A howler monkey zombie (D:3)
  2 adders (D:2)
  An ufetubus (D:4)
  2 dart slugs (D:1)
  5 worms (D:2)
  An orc (D:4)
  7 ball pythons
  7 bats
  2 endoplasms
  4 giant cockroaches
  5 goblins
  5 hobgoblins
  6 jackals
  5 kobolds
  4 quokkas
  3 frilled lizards
  5 rats
67 creatures vanquished.

Notes
Turn   | Place    | Note
-------+----------+-------------------------------------------
     0 | D:1      | qw the Minotaur Hexslinger began the quest for the Orb.
     0 | D:1      | Reached XP level 1. HP: 16/16 MP: 1/1
     0 | D:1      | 0 ||| qw: Version: 0.3-a-46-gb1f654a
     0 | D:1      | 0 ||| qw: Game counter: 2831
     0 | D:1      | 0 ||| qw: Melee chars always use a shield: true
     0 | D:1      | 0 ||| qw: God list: Okawaru
     0 | D:1      | 0 ||| qw: Allow faded altars: false
     0 | D:1      | 0 ||| qw: Do Orc after clearing Dungeon:15 true
     0 | D:1      | 0 ||| qw: Do second Lair branch before Depths: true
     0 | D:1      | 0 ||| qw: Lair rune preference: random
     0 | D:1      | 0 ||| qw: Goals: Normal
     0 | D:1      | 0 ||| PLANNING D:1-11
   115 | D:1      | Reached skill level 3 in Ranged Weapons
   133 | D:1      | Reached XP level 2. HP: 23/23 MP: 2/2
   388 | D:1      | Reached XP level 3. HP: 23/29 MP: 3/3
   681 | D:1      | 681 ||| UPGRADING to +0 ring mail.
   691 | D:1      | 691 ||| DROPPING +0 robe.
   692 | D:1      | 692 ||| READING scroll labelled DYUMEXT ROFAY.
   696 | D:1      | 696 ||| READING scroll labelled GAUZABULOI.
   697 | D:1      | 697 ||| DRINKING 2 amethyst potions.
   698 | D:1      | 698 ||| DROPPING scroll of poison.
   861 | D:2      | Reached skill level 4 in Ranged Weapons
   997 | D:2      | Reached skill level 1 in Armour
  1138 | D:2      | Reached XP level 4. HP: 36/36 MP: 4/4
  1166 | D:2      | Identified the +1 scale mail of Piumma Rillo {rPois Slay+5}
  1548 | D:2      | 1548 ||| READING 2 scrolls labelled LAUTHAULONN.
  1549 | D:2      | 1549 ||| READING scroll labelled BAEW NEDIETT.
  1550 | D:2      | 1550 ||| READING scroll labelled LIBRUAT OLOSO.
  1551 | D:2      | 1551 ||| DROPPING scroll of vulnerability.
  1811 | D:3      | Found a faded altar of an unknown god.
  2041 | D:3      | Found a runed translucent gate.
  2041 | D:3      | Found a runed translucent gate.
  2041 | D:3      | Found a runed translucent gate.
  2041 | D:3      | Noticed qw's ghost (amateur GrHs)
  2043 | D:3      | 2043 ||| READING scroll labelled YNOUNU TIFIGGA.
  2044 | D:3      | Found a basalt altar of Yredelemnul.
  2045 | D:3      | 2045 ||| READING scroll labelled YGUYLUAGIR.
  2047 | D:3      | 2047 ||| READING scroll labelled WUEDOM PEVVOPEANN.
  2066 | D:3      | Reached skill level 5 in Ranged Weapons
  2066 | D:3      | Reached XP level 5. HP: 21/41 MP: 5/5
  2343 | D:3      | 2343 ||| READING scroll labelled ZANUIG ROIRPH.
  2414 | D:3      | 2414 ||| DRINKING 2 bubbling blue potions.
  2415 | D:3      | 2415 ||| DRINKING 2 fizzy orange potions.
  2416 | D:3      | 2416 ||| DROPPING potion of brilliance.
  2461 | D:4      | 2461 ||| FLEEEEING.
  2462 | D:4      | 2462 ||| FLEEEEING.
  2465 | D:4      | 2465 ||| STAIRDANCE
  2484 | D:4      | Reached skill level 3 in Fighting
  2489 | D:4      | Noticed Edmund
  2499 | D:4      | Mangled by Edmund

Levels and vault maps discovered:
D:1:      evilmike_arrival_fibonacci_small, layout_basic, interstate_on_off
D:2:      layout_loops_corners, minmay_misc_feat_hallway,
          kennysheep_decorative_pillar, chequers_serial_rivers_room_a
D:3:      layout_basic, nicolae_yredelemnul_ghost_church,
          nicolae_overflow_ecumenical_swirl, kennysheep_pointless_box
D:4:      layout_rooms, grunt_temple_overflow_growth_and_decay,
          elyvilon_altar_5, serial_glass, glass_columns_b, glass_columns_b,
          glass_columns_b, glass_columns_c, glass_columns_b,
          uniq_crazy_yiuf_cottage, uniq_edmund, uniq_eustachio

Skill      XL: |  1  2  3  4  5 |
---------------+----------------+-----
Ranged Weapons | 3 4 5 |  5.3
Fighting       | 2 3 |  3.0
Armour         | 1 |  1.4
Dodging        | |  2.1
Spellcasting   | |  1.0
Hexes          | |  2.0

Action                     |  1- 3 |  4- 6 || total
---------------------------+-------+-------++-------
   Fire: Sling             |   100 |    94 ||   194
    Use: Scroll            |     2 |     7 ||     9
         Potion            |     1 |     2 ||     3
 Armour: Robe              |     3 |       ||     3
         Ring mail         |    10 |    12 ||    22
  Dodge: Dodged            |    25 |    33 ||    58

Table legend:
 A = Non-vault XP
 B = Vault XP
 C = Vault XP percentage of total XP
 D = Non-vault monster count
 E = Vault monster count
 F = Vault count percentage of total count
                 A         B        C        D         E       F
            +---------+---------+-------+---------+---------+-------
      Total |     203 |      53 |  20.7 |      65 |       2 |   3.0
            +---------+---------+-------+---------+---------+-------
        D:1 |      57 |       0 |   0.0 |      28 |       0 |   0.0
        D:2 |      79 |       0 |   0.0 |      26 |       0 |   0.0
        D:3 |      12 |      53 |  81.5 |       7 |       2 |  22.2
        D:4 |      55 |       0 |   0.0 |       4 |       0 |   0.0
            +---------+---------+-------+---------+---------+-------
